 Dungeon Crawl Stone Soup version 0.23.2-33-g5129a83184 (webtiles) character file.

Game seed: 10322695731936033178

217 FishyPogo the Skirmisher (level 5, -1/46 HPs)
             Began as a Centaur Fighter on Aug 5, 2019.
             Was a Follower of Wu Jian.
             Slain by an ogre
             ... wielding a +0 giant club
              (17 damage)
             ... on level 3 of the Dungeon.
             The game lasted 00:18:59 (3541 turns).

FishyPogo the Skirmisher (Centaur Fighter)          Turns: 3541, Time: 00:19:00

Health: -1/46      AC:  7    Str: 18    XL:     5   Next: 62%
Magic:  5/5        EV:  5    Int:  7    God:    Wu Jian [*.....]
Gold:   202        SH:  8    Dex: 10    Spells: 4/4 levels left

rFire    . . .     SeeInvis .   a - +0 war axe
rCold    + . .     Gourm    .   c - +0 shield
rNeg     . . .     Faith    .   b - +0 scale mail
rPois    .         Spirit   .   e - +0 helmet
rElec    .         Reflect  .   (no cloak)
rCorr    .         Harm     .   (no gloves)
MR       .....                  (no barding)
Stlth    ..........             (no amulet)
HPRegen  0.15/turn              m - ring of protection from cold
MPRegen  0.09/turn              (no ring)

@: very quick
A: large, hooves 3, deformed body, speed 2, tough skin 3
a: Renounce Religion


You were on level 3 of the Dungeon.
You worshipped Wu Jian.
Wu Jian was aware of your devotion.
You were not hungry.

You visited 1 branch of the dungeon, and saw 5 of its levels.

You collected 202 gold pieces.

Inventory:

Hand Weapons
 a - a +0 war axe (weapon)
 w - a +1 long sword of venom
Missiles
 q - 66 stones (quivered)
 t - 76 arrows
Armour
 b - a +0 scale mail (worn)
 c - a +0 shield (worn)
 e - a +0 helmet (worn)
Jewellery
 g - a +2 amulet of reflection {unknown}
 m - a ring of protection from cold (left hand)
Wands
 o - a wand of iceblast (8)
Scrolls
 h - a scroll of magic mapping {unknown}
 i - 2 scrolls of enchant armour {unknown}
 j - a scroll of identify
 k - a scroll of teleportation
 p - 2 scrolls of amnesia {unknown}
 v - a scroll of remove curse
Potions
 d - a potion of might
 l - 2 potions of curing {unknown}
 r - a potion of flight {unknown}
 s - a potion of degeneration {unknown}
 u - a potion of magic {unknown}
Comestibles
 f - 6 rations


   Skills:
 + Level 3.9 Fighting
 * Level 3.6 Axes
 + Level 2.8 Armour
 + Level 2.9 Shields


You had 4 spell levels left.
You didn't know any spells.
Your spell library was empty.

Dungeon Overview and Level Annotations

Branches:
Dungeon (5/15)
 Temple: D:4-7

Altars:
Wu Jian
The Shining One


Innate Abilities, Weirdness & Mutations

You have hooves in place of feet.
Armour fits poorly on your strangely shaped body.
You cover ground very quickly.
You have extremely tough skin. (AC +3)


Message History

The sky beast is too close now for your liking.
A sky beast is nearby!
The sky beast flickers out of sight!
Deactivating autopickup; reactivate with Ctrl-A.
A sky beast appears from thin air!
Reactivating autopickup.
A sky beast is nearby!
A sky beast is nearby!
A sky beast is nearby!
A sky beast is nearby!
Things that are here:
a +0 ring mail; a +0 flail; an adder skeleton
There is a stone staircase leading up here.
You climb upwards.
The orc priest invokes the aid of Beogh against you.
Beogh smites you! The ogre hits you with a +0 giant club!
There is a stone staircase leading down, spattered with blood here.
You spin to attack the ogre, but your attack speed is too slow for a blow to land.
The ogre hits you with a +0 giant club!
You die...

.........# #.......# .........#
#.####..# .........# #o#.....#
.........# #.#.##.#########
.........# #.#.....).....<#
.........########.####.#########
#....##..........o.....#
#....############O######
.....(..........@>#
#....##############
#.............# #.............#
#..........)..# ..............#
..............#
..........♣...#####
.........♣_♣......#


You could see an ogre (pinned), an orc priest and an orc wizard.

Vanquished Creatures
  A hound (D:4)
  A hound skeleton (D:3)
  7 adders
  3 gnolls (D:2)
  A shadow imp (D:2)
  4 worms
  A dart slug (D:1)
  5 leopard geckos
  2 orcs
  A ball python (D:1)
  9 bats
  2 giant cockroaches (D:1)
  6 goblins
  6 hobgoblins
  3 jackals (D:2)
  3 frilled lizards (D:2)
  4 kobolds (D:2)
  3 rats
62 creatures vanquished.

Notes
Turn   | Place    | Note
-------+----------+-------------------------------------------
     0 | D:1      | FishyPogo the Centaur Fighter began the quest for the Orb.
     0 | D:1      | Reached XP level 1. HP: 19/19 MP: 1/1
   132 | D:1      | Reached XP level 2. HP: 26/26 MP: 2/2
   960 | D:2      | Found an ornate altar of the Wu Jian Council.
   967 | D:2      | Became a worshipper of the Wu Jian Council
   998 | D:2      | Reached XP level 3. HP: 31/31 MP: 3/3
  1867 | D:1      | Reached XP level 4. HP: 28/38 MP: 4/4
  2380 | D:2      | Reached XP level 5. HP: 27/46 MP: 5/5
  2611 | D:3      | Reached * piety under Wu Jian
  2674 | D:3      | Found a faded altar of an unknown god.
  3008 | D:3      | Found a glowing golden altar of the Shining One.
  3110 | D:3      | Noticed an ogre
  3465 | D:5      | Entered Level 5 of the Dungeon
  3493 | D:4      | Noticed a sky beast
  3541 | D:3      | Slain by an ogre

Skill      XL: |  1  2  3  4 |
---------------+-------------+-----
Axes           | 2 3 |  3.6
Fighting       | |  3.9
Armour         | |  2.8
Shields        | |  2.9

Action                   |  1- 3 |  4- 6 || total
-------------------------+-------+-------++-------
Melee: War axe           |   123 |   113 ||   236
       Kick              |    21 |    26 ||    47
Throw: Stone             |       |    36 ||    36
Invok: Lunge             |     4 |     6 ||    10
  Use: Potion            |     2 |       ||     2
       Scroll            |       |     4 ||     4
  Eat: Chunk             |     2 |     5 ||     7
Armor: Scale mail        |    66 |    45 ||   111
Dodge: Dodged            |    37 |    20 ||    57
Block: Shield            |    59 |    46 ||   105
